 Dungeon Crawl Stone Soup version 0.19.5 (webtiles) character file.

23 Kosschaser the Sneak (level 3, 0/21 HPs)
             Began as a Kobold Assassin on Mar 18, 2017.
             Slain by a hobgoblin
             ... wielding a +0 club
              (4 damage)
             ... on level 1 of the Dungeon.
             The game lasted 00:02:18 (968 turns).

Kosschaser the Sneak (Kobold Assassin)               Turns: 968, Time: 00:02:19

Health: 0/21       AC:  3    Str:  8    XL:     3   Next: 12%
Magic:  3/3        EV: 14    Int: 12    God:
Gold:   96         SH:  0    Dex: 17    Spells: 0 memorised, 2 levels left

rFire  . . .     SeeInvis .     a - +2 dagger
rCold  . . .     Gourm    .     c - +0 robe
rNeg   . . .     Faith    .     (shield restricted)
rPois  .         Spirit   .     (no helmet)
rElec  .         Reflect  .     d - +0 cloak
rCorr  .         Harm     .     (no gloves)
MR     .....                    (no boots)
Stlth  +++.......               (no amulet)
                                (no ring)
                                (no ring)

@: no status effects
A: carnivore 3
a: no special abilities


You were on level 1 of the Dungeon.
You were very full.

You visited 1 branch of the dungeon, and saw 2 of its levels.

You collected 96 gold pieces.

Inventory:

Hand Weapons
 a - a +2 dagger (weapon)
 b - a +0 blowgun
Missiles
 e - 8 poisoned needles
 f - 2 curare-tipped needles
 r - 29 bolts
Armour
 c - a +0 robe (worn)
 d - a +0 cloak (worn)
Jewellery
 m - an uncursed ring of flight {unknown}
Scrolls
 h - 2 scrolls of fog {unknown}
 n - a scroll of teleportation {unknown}
 o - a scroll of immolation {unknown}
 p - a scroll of remove curse {unknown}
Potions
 i - a potion of curing {unknown}
 j - a potion of cure mutation {unknown}
 k - a potion of haste {unknown}
 q - a potion of heal wounds {unknown}
 t - a potion of flight {unknown}
Comestibles
 g - a meat ration
 l - 2 slices of pizza
 s - 2 beef jerkies


   Skills:
 + Level 2.2 Fighting
 + Level 3.0 Short Blades
 + Level 2.3 Throwing
 + Level 1.3 Dodging
 + Level 6.2 Stealth


You had 2 spell levels left.
You didn't know any spells.

Dungeon Overview and Level Annotations

Branches:
Dungeon (2/15)

Altars:


Innate Abilities, Weirdness & Mutations

You are small and have problems with some larger weapons.
You are carnivorous and can eat meat at any time.


Message History

There is a stone staircase leading up here.
The quokka barely misses you. The adder bites you but does no damage.
The hobgoblin hits you with a club. The bat barely misses you.
You climb upwards.
There is a stone staircase leading down here.
You barely miss the quokka. The quokka closely misses you.
The adder barely misses you. The hobgoblin hits you with a club.
You hit the quokka.
The quokka is lightly wounded.
The quokka barely misses you. The adder barely misses you.
You hit the quokka but do no damage.
The quokka is lightly wounded.
The quokka bites you. The adder closely misses you.
The hobgoblin hits you with a club.
* * * LOW HITPOINT WARNING * * *
You hit the quokka.
The quokka is almost dead.
The quokka barely misses you. The adder barely misses you.
The hobgoblin hits you with a club.
You die...

######......♣###.#....≈≈≈≈≈.≈≈≈≈.
#..........♣♣#........≈≈≈≈≈.≈≈≈≈.
'..........♣ #..............≈≈≈≈.
######....♣♣ #........≈≈≈≈.......
..........♣ #........≈≈≈≈.≈≈≈≈≈.
..........♣ ###'####.≈≈≈≈.≈≈≈≈≈.
♣.........♣ #.###..≈≈≈≈.≈≈≈≈≈.
♣♣......).# #g#....≈≈≈≈.≈≈≈≈≈.
♣........# #@S...............
♣♣.......######r#......#....####
♣♣......#...##.#......#♣.♣.####
♣♣♣.#..#......#......#........
###..#....###.....♣#♣.♣.....
#..###....#####.....#.....
######(........##....♣.♣.♣###..
#.....(........##........####..
##♣.♣.♣.♣.♣.....##......♣.♣..'..


You could see an adder, a quokka and a hobgoblin.

Vanquished Creatures
  A leopard gecko (D:1)
  6 bats (D:1)
  A giant cockroach (D:2)
  3 goblins (D:1)
  2 hobgoblins (D:1)
  3 jackals (D:1)
  3 frilled lizards (D:1)
  A kobold (D:1)
  A rat (D:2)
21 creatures vanquished.

Notes
Turn   | Place    | Note
-------+----------+-------------------------------------------
     0 | D:1      | Kosschaser the Kobold Assassin began the quest for the Orb.
     0 | D:1      | Reached XP level 1. HP: 12/12 MP: 1/1
   166 | D:1      | Reached XP level 2. HP: 17/17 MP: 2/2
   271 | D:1      | Reached skill level 6 in Stealth
   726 | D:1      | Reached XP level 3. HP: 15/21 MP: 3/3
   968 | D:1      | Slain by a hobgoblin

Skill      XL: |  1  2  3 |
---------------+----------+-----
Stealth        | 6 |  6.2
Short Blades   | 3 |  3.0
Fighting       | |  2.2
Throwing       | |  2.3
Dodging        | |  1.3

Action                   || total
-------------------------++-------
Melee: Dagger            ||    71
 Stab: Sleeping          ||     7
  Eat: Chunk             ||     8
Armor: Robe              ||    17
Dodge: Dodged            ||    71
